 Dungeon Sprint DCSS version 0.17-a0-1403-g9df874c (webtiles) character file.

200 Kidiri the Covered (level 5, -3/36 HPs)
             Began as a Gargoyle Fighter on June 20, 2015.
             Was an Initiate of Okawaru.
             Slain by an ice beast (12 damage)
             ... in the Dungeon (Sprint IX: "|||||||||||||||||||||||||||||").
             The game lasted 00:02:36 (264 turns).

Kidiri the Covered (Gargoyle Fighter)                Turns: 264, Time: 00:02:36

Health: -3/36      AC: 24    Str: 24    XL:     5   Next: 79%
Magic:  5/5        EV:  6    Int:  8    God:    Okawaru [......]
Gold:   0          SH: 11    Dex:  9    Spells: 0 memorised, 4 levels left

rFire  . . .     SeeInvis .     q - +2 morningstar (protect)
rCold  . . .     Clarity  .     s - +1 chain mail
rNeg   + . .     SustAt   .     c - +0 shield
rPois  ∞         Gourm    .     (no helmet)
rElec  +         Spirit   .     (no cloak)
rCorr  .         Warding  .     (no gloves)
rMut   .         NoTele   +     r - +0 pair of boots
MR     .....                    (no amulet)
Stlth  ..........               b - +3 ring of strength
                                a - +2 ring of protection

@: not resistant to hostile enchantments, extremely unstealthy
A: negative energy resistance 1, electricity resistance, unbreathing,
petrification resistance, rot immunity, AC +4
a: Renounce Religion


You were in the Dungeon.
You worshipped Okawaru.
Okawaru was noncommittal.
You were not hungry.

You visited 1 branch

Inventory:

Hand weapons
 q - a +2 morningstar of protection (weapon)
Armour
 c - a +0 shield (worn)
 r - a +0 pair of boots (worn)
 s - a +1 chain mail (worn)
Jewellery
 a - a +2 ring of protection (left hand)
 b - a +3 ring of strength (right hand)
Magical devices
 p - a wand of cold (7)
Scrolls
 k - 2 scrolls of blinking
 n - 3 scrolls of remove curse
 o - 2 scrolls of amnesia
Potions
 d - a potion of might
 f - 5 potions of curing
 g - 3 potions of heal wounds
 h - a potion of haste
 i - 4 potions of magic
 j - a potion of berserk rage
 m - a potion of invisibility
Comestibles
 e - a bread ration
 l - 8 chunks of flesh


   Skills:
 + Level 5.9 Fighting
 + Level 4.6 Maces & Flails
 * Level 7.6 Armour
 + Level 4.8 Stealth
 * Level 7.3 Shields


You had 4 spell levels left.
You didn't know any spells.

Dungeon Overview and Level Annotations

Branches:
Dungeon (1/1)

Altars:
Cheibriados
Dithmenos
Elyvilon
Fedhas
Gozag
Kikubaaqudgha
Makhleb
Nemelex Xobeh
Okawaru
Qazlal
Ru
Sif Muna
Trog
Vehumet
Xom
Yredelemnul
Zin
The Shining One
Beogh
Jiyva
Lugonu


Innate Abilities, Weirdness & Mutations

You are resistant to torment.
Your stone body is resilient (AC +4).
You are immune to poison.
You resist negative energy.
You are resistant to electric shocks.
You can survive without breathing.
You are immune to petrification.
You are immune to rotting.


Message History

You kill the ice beast!
Okawaru is honoured by your kill.
Your Maces & Flails skill increases to level 4!
Your Armour skill increases to level 7!
Your Stealth skill increases to level 4!
Your Shields skill increases to level 7!
You have reached level 5!
You block the bat's attack.
You hit the bat.
You kill the bat!
Okawaru accepts your kill.
You puncture the hobgoblin!
You kill the hobgoblin!
Okawaru accepts your kill. You block the ice beast's attack.
You closely miss the ice beast. You block the ice beast's attack.
You barely miss the ice beast. The ice beast hits you.
* * * LOW HITPOINT WARNING * * *
The ice beast freezes you!
You die...

▓.▓
▓.▓
▓.▓
▓.▓
▓Z▓
▓h▓
▓Y▓
▓@▓
▓.▓
▓[▓
▓[▓
▓.▓
▓)▓
▓|▓
▓.▓
▓.▓


You could see an ice beast, a hound and a ball python skeleton.

Vanquished Creatures
  An ice beast (D)
  A centaur (D)
  An adder (D)
  2 giant cockroaches (D)
  A hobgoblin (D)
  3 bats (D)
  2 giant newts (D)
  2 kobolds (D)
13 creatures vanquished.

Notes
Turn   | Place    | Note
--------------------------------------------------------------
     0 | D        | Kidiri the Gargoyle Fighter began the quest for the Orb.
     0 | D        | Reached XP level 1. HP: 14/14 MP: 1/1
    16 | D        | Reached skill level 4 in Armour
   142 | D        | Noticed a centaur
   158 | D        | Reached skill level 1 in Stealth
   158 | D        | Reached XP level 2. HP: 16/20 MP: 2/2
   166 | D        | Killed a centaur
   166 | D        | Reached skill level 5 in Fighting
   166 | D        | Reached skill level 6 in Armour
   166 | D        | Reached XP level 3. HP: 18/26 MP: 3/3
   166 | D        | Reached XP level 4. HP: 21/31 MP: 4/4
   185 | D        | Found a glowing silver altar of Zin.
   185 | D        | Found a glowing golden altar of the Shining One.
   185 | D        | Found an ancient bone altar of Kikubaaqudgha.
   185 | D        | Found a basalt altar of Yredelemnul.
   185 | D        | Found a shimmering altar of Xom.
   185 | D        | Found a radiant altar of Vehumet.
   186 | D        | Found an iron altar of Okawaru.
   187 | D        | Found a burning altar of Makhleb.
   188 | D        | Found a deep blue altar of Sif Muna.
   189 | D        | Found a bloodstained altar of Trog.
   190 | D        | Found a sparkling altar of Nemelex Xobeh.
   191 | D        | Found a white marble altar of Elyvilon.
   192 | D        | Found a roughly hewn altar of Beogh.
   193 | D        | Found a viscous altar of Jiyva.
   194 | D        | Became a worshipper of Warmaster Okawaru
   195 | D        | Found a corrupted altar of Lugonu.
   196 | D        | Found a blossoming altar of Fedhas.
   197 | D        | Found a snail-covered altar of Cheibriados.
   198 | D        | Found a shadowy altar of Dithmenos.
   199 | D        | Found a stormy altar of Qazlal.
   200 | D        | Found an opulent altar of Gozag.
   201 | D        | Found a sacrificial altar of Ru.
   250 | D        | Noticed a hound
   250 | D        | Noticed an ice beast
   250 | D        | Noticed an ice beast
   260 | D        | Killed an ice beast
   260 | D        | Reached skill level 7 in Armour
   260 | D        | Reached XP level 5. HP: 11/36 MP: 5/5
   264 | D        | Slain by an ice beast

Vault maps used:
D:        linesprint

Action                   |  1- 3 |  4- 6 || total
-------------------------+-------+-------++-------
Melee: Flail             |    49 |     5 ||    54
       Morningstar       |       |    14 ||    14
